 Dungeon Crawl Stone Soup version 0.31-a0-198-g2ad674f65e (webtiles) character file.

Game seed: 8378415030008446046

84 qw the Shooter (level 4, 0/25 HPs)
             Began as a Deep Elf Hunter on June 25, 2023.
             Succumbed to an adder's poison
             ... on level 3 of the Dungeon.
             The game lasted 00:00:39 (1436 turns).

qw the Shooter (Deep Elf Hunter)                    Turns: 1436, Time: 00:00:39

Health: 0/25       AC:  6    Str: 10    XL:     4   Next: 24%
Magic:  6/6        EV: 11    Int: 14    God:
Gold:   133        SH:  0    Dex: 18    Spells: 3/3 levels left

rFire   + . .        Y - +0 orcbow
rCold   . . .        (shield currently unavailable)
rNeg    . . .        e - +1 ring mail {rF+}
rPois   .            (no helmet)
rElec   .            (no cloak)
rCorr   +            (no gloves)
SInv    .            (no boots)
Will    .....        (no amulet)
Stlth   +            i - ring of resist corrosion
HPRegen 0.24/turn    (no ring)
MPRegen 0.10/turn

%: no passive effects
@: lethally poisoned (0 -> -1)
A: no striking features
a: no special abilities


You were on level 3 of the Dungeon.
You visited 1 branch of the dungeon, and saw 3 of its levels.

You collected 133 gold pieces.


   Skills:
 - Level 1.5 Fighting
 + Level 7.7 Ranged Weapons
 - Level 2.4 Dodging
 - Level 1.2 Stealth


You had 3 spell levels left.
You didn't know any spells.
Your spell library was empty.

Inventory:

Hand Weapons
 Y - a +0 orcbow (weapon)
Armour
 e - a +1 ring mail of fire resistance (worn)
Jewellery
 i - a ring of resist corrosion (left hand)
Potions
 a - a potion of lignification {unknown}
 b - a potion of heal wounds
 d - a potion of mutation {unknown}
 f - a potion of enlightenment {unknown}
 g - a potion of curing {unknown}

Dungeon Overview and Level Annotations

Branches:
Dungeon (3/15)

Altars:


Message History

You shoot an arrow. The arrow closely misses the adder.
The adder barely misses you. x2
You shoot an arrow. The arrow closely misses the adder.
The adder barely misses you. The adder bites you but does no damage.
You shoot an arrow. The arrow barely misses the adder.
The adder bites you but does no damage.
You shoot an arrow. The arrow misses the adder.
The adder bites you.
You are poisoned.
The adder poisons you! The adder bites you.
You are more poisoned.
The adder poisons you!
You shoot an arrow. The arrow completely misses the adder.
You feel very sick. The adder barely misses you.
You shoot an arrow.
The arrow hits the adder but does no damage.
The adder is almost dead.
You feel sick. The adder bites you. The adder barely misses you.
You shoot an arrow.
The arrow hits the adder but does no damage.
The adder is almost dead.
You feel sick. The adder bites you.
You are lethally poisoned!
The adder poisons you! The adder bites you but does no damage.
You shoot an arrow. The arrow hits the adder.
You kill the adder!
You feel very sick.
There is a lethal amount of poison in your body!
You feel sick.
There is a lethal amount of poison in your body!
You feel sick.
There is a lethal amount of poison in your body!
You feel sick.
There is a lethal amount of poison in your body!
You feel sick.
There is a lethal amount of poison in your body!
You feel sick.
There is a lethal amount of poison in your body!
You die...

########
#......#
#.####.# #.#
#.# ####
#.####.##
.....
#...<#..#>..#
######.@%...#
#...........#
#.#...7..7...#
............#
#.[.7......7..
#............
##............
#..7. ....7$.


There were no monsters in sight!

Vanquished Creatures
  A gnoll (D:1)
  An adder (D:3)
  A worm (D:2)
  2 dart slugs
  9 ball pythons
  6 endoplasms
  5 goblins
  6 hobgoblins
  3 jackals (D:1)
  A quokka (D:1)
  7 bats
  2 frilled lizards
  7 kobolds
  5 rats
56 creatures vanquished.

Notes
Turn   | Place    | Note
-------+----------+-------------------------------------------
     0 | D:1      | qw the Deep Elf Hunter began the quest for the Orb.
     0 | D:1      | Reached XP level 1. HP: 12/12 MP: 3/3
     0 | D:1      | 0 ||| qw: Version: 0.3-a-22-g0ed2b0b
     0 | D:1      | 0 ||| qw: Game counter: 5017
     0 | D:1      | 0 ||| qw: Melee chars always use a shield: true
     0 | D:1      | 0 ||| qw: God list: Okawaru
     0 | D:1      | 0 ||| qw: Allow faded altars: false
     0 | D:1      | 0 ||| qw: Do Orc after clearing Dungeon:15 true
     0 | D:1      | 0 ||| qw: Do second Lair branch before Depths: true
     0 | D:1      | 0 ||| qw: Lair rune preference: random
     0 | D:1      | 0 ||| qw: Goals: Normal
     0 | D:1      | 0 ||| PLANNING D:1-11
   102 | D:1      | Reached XP level 2. HP: 16/16 MP: 4/4
   109 | D:1      | 109 ||| SWAPPING to +0 orcbow.
   110 | D:1      | 110 ||| DROPPING +0 shortbow.
   137 | D:1      | Reached skill level 6 in Ranged Weapons
   429 | D:1      | 429 ||| FLEEEEING.
   447 | D:1      | Reached XP level 3. HP: 13/20 MP: 5/5
   448 | D:1      | 448 ||| FLEEEEING.
   697 | D:1      | Reached skill level 7 in Ranged Weapons
   753 | D:1      | 753 ||| READING scroll labelled ILUR NYPSO.
   754 | D:1      | 754 ||| READING scroll labelled BUICKE BYURI.
   755 | D:1      | 755 ||| READING scroll labelled HETUIVAOFU.
   856 | D:1      | 856 ||| READING scroll labelled POYCUXK ANOID.
   857 | D:1      | 857 ||| DROPPING scroll of butterflies.
  1206 | D:2      | Reached XP level 4. HP: 25/25 MP: 6/6
  1359 | D:2      | Found a faded altar of an unknown god.
  1363 | D:2      | 1363 ||| UPGRADING to +1 ring mail of fire resistance.
  1373 | D:2      | 1373 ||| DROPPING +0 leather armour.
  1374 | D:2      | 1374 ||| UPGRADING to ring of resist corrosion.
  1375 | D:2      | 1375 ||| READING scroll labelled KIELIH CADIDEORO.
  1376 | D:2      | 1376 ||| READING scroll labelled QUTSOU RUAH.
  1377 | D:2      | 1377 ||| DRINKING 2 sapphire potions.
  1430 | D:3      | HP: 6/25 [poisoned by an adder]
  1433 | D:3      | HP: 2/25 [poisoned by an adder]
  1436 | D:3      | Succumbed to an adder's poison

Levels and vault maps discovered:
D:1:      reono_arrival_mine, layout_loops_cross, minmay_tromino_mix6
D:2:      layout_rooms, hellmonk_ecumenical_altar_inner_sanctum,
          grunt_decor_resistance, kennysheep_generic_room_11
D:3:      layout_basic, makhleb_altar_promises_db, palyth_stone_intersect,
          minmay_misc_feat_plants, kennysheep_generic_room_4, uniq_jessica,
          uniq_ijyb

Skill      XL: |  1  2  3 |
---------------+----------+-----
Ranged Weapons | 6 7 |  7.7
Fighting       | |  1.5
Dodging        | |  2.4
Stealth        | |  1.2

Action                     |  1- 3 |  4- 6 || total
---------------------------+-------+-------++-------
   Fire: Shortbow          |    15 |       ||    15
         Orcbow            |   101 |    20 ||   121
    Use: Scroll            |     4 |     2 ||     6
         Potion            |       |     1 ||     1
 Armour: Leather armour    |    16 |     1 ||    17
         Ring mail         |       |     6 ||     6
  Dodge: Dodged            |    35 |    12 ||    47

Table legend:
 A = Non-vault XP
 B = Vault XP
 C = Vault XP percentage of total XP
 D = Non-vault monster count
 E = Vault monster count
 F = Vault count percentage of total count
                 A         B        C        D         E       F
            +---------+---------+-------+---------+---------+-------
      Total |     114 |       7 |   5.8 |      52 |       4 |   7.1
            +---------+---------+-------+---------+---------+-------
        D:1 |      63 |       3 |   4.5 |      30 |       3 |   9.1
        D:2 |      36 |       4 |  10.0 |      20 |       1 |   4.8
        D:3 |      15 |       0 |   0.0 |       2 |       0 |   0.0
            +---------+---------+-------+---------+---------+-------
